 Dungeon Crawl Stone Soup version 0.30-a0-782-ge64f9170bb (webtiles) character file.

Game seed: 3522763062466285739

1486 Barriton the Gusty (level 8, -3/58 HPs)
             Began as a Yellow Draconian Air Elementalist on Mar 13, 2023.
             Was a Follower of Qazlal.
             Slain by an unseen horror (5 damage)
             ... on level 6 of the Dungeon.
             The game lasted 00:10:48 (6066 turns).

Barriton the Gusty (DrAE)                           Turns: 6066, Time: 00:10:48

Health: -3/58      AC: 12    Str: 10    XL:     8   Next: 50%
Magic:  8/16       EV: 12    Int: 23    God:    Qazlal [*.....]
Gold:   218        SH:  2    Dex: 12    Spells: 15/18 levels left

rFire   . . .      SeeInvis .    k - +6 mace "Jomelese" {vamp, Fly Int+5}
rCold   + . .      Faith    .    (no shield)
rNeg    . . .      Spirit   .    (body armour unavailable)
rPois   .          Reflect  .    (helmet restricted)
rElec   .          Harm     .    c - +2 cloak
rCorr   +          Rampage  .    i - +2 pair of gloves
Will    .....                    (no boots)
Stlth   ++                       o - amulet of magic regeneration
HPRegen 0.29/turn                m - ring of protection from cold
MPRegen 0.55/turn                (no ring)

@: flying
A: spit acid, AC +6, unfitting armour, cold-blooded, acid resistance
a: Breathe Acid, Renounce Religion


You were on level 6 of the Dungeon.
You worshipped Qazlal.
Qazlal was aware of your devotion.
You visited 2 branches of the dungeon, and saw 7 of its levels.

You collected 218 gold pieces.

Inventory:

Hand Weapons
 k - the +6 mace "Jomelese" (weapon) {vamp, Fly Int+5}
   (You took it off a kobold on level 3 of the Dungeon)

   Int:       It affects your intelligence (+5).
   Fly:       It grants you flight.
Armour
 c - a +2 cloak (worn)
 i - a +2 pair of gloves (worn)
Jewellery
 m - a ring of protection from cold (left hand)
 o - an amulet of magic regeneration (around neck)
Wands
 d - a wand of quicksilver (24)
 s - a wand of mindburst (18)
 t - a wand of paralysis (7)
Scrolls
 e - a scroll of immolation {unknown}
 p - a scroll of amnesia
 q - 3 scrolls of enchant armour
 r - 2 scrolls of poison
 u - a scroll of teleportation {unknown}
Potions
 a - 2 potions of magic
 b - 3 potions of curing
 f - a potion of ambrosia
 g - a potion of might
 h - 2 potions of invisibility
 j - a potion of brilliance {unknown}
 l - 2 potions of resistance
 n - a potion of heal wounds {unknown}


   Skills:
 + Level 0.6 Fighting
 + Level 1.2 Maces & Flails
 - Level 1.7 Dodging
 - Level 1.7 Stealth
 + Level 1.4 Shields
 + Level 5.5 Spellcasting
 + Level 4.3 Conjurations
 * Level 7.4 Air Magic
 * Level 2.5 Invocations


You had 15 spell levels left.
You knew the following spells:

 Your Spells              Type           Power      Damage    Failure   Level
a - Shock                 Conj/Air       100%       1d9       1%          1
b - Static Discharge      Conj/Air       66%        2-5/arc   1%          2

Your spell library contained the following spells:

 Spells                   Type           Power      Damage    Failure   Level
 Swiftness                Air            40%        N/A       1%          3
 Airstrike                Air            20%        2d(3-19)  4%          4
 Kindle Blastsparks       Fire/Tloc/Air  34%        2d12      10%         3
 Ignite Poison            Fire/Tmut/Pois 6%         N/A       26%         3
 Inner Flame              Hex/Fire       6%         N/A       26%         3
 Freezing Cloud           Conj/Ice/Air   12%        6-21      43%         5
 Cause Fear               Hex            3%         N/A       65%         4
 Discord                  Hex            3%         N/A       100%        8


Dungeon Overview and Level Annotations

Branches:
Dungeon (6/15)             Temple (1/1) D:4

Altars:
Hepliaklqana
Kikubaaqudgha
Okawaru
Qazlal
Zin
The Shining One

Annotations:
D:6 Blork the orc


Innate Abilities, Weirdness & Mutations

You can spit globs of acid.
Your golden yellow scales are hard. (AC +6)
You cannot fit into any form of body armour.
You are cold-blooded and may be slowed by cold attacks.
You are resistant to acid. (rCorr)


Message History

Something hits you but does no damage.
Blork the orc gestures at you while chanting.
The puff of frost hits something.
Something hits you.
* * * LOW HITPOINT WARNING * * *
Casting: Shock (safe; 1% risk of failure)
Confirm with . or Enter, or press ? or * to list all spells.
Aiming: Shock (safe; 1% risk of failure)
Press: ? - help, Shift-Dir - straight line The zap hits Blork the orc.
Blork the orc is lightly wounded.
The zap misses Blork the orc.
Something hits you but does no damage. x2
Okay, then.
Casting: Shock (safe; 1% risk of failure)
Confirm with . or Enter, or press ? or * to list all spells.
Aiming: Shock (safe; 1% risk of failure)
Press: ? - help, Shift-Dir - straight line
Okay, then.
Blork the orc is nearby!
Something hits you but does no damage. Something hits you but does no damage.
You hit something but do no damage. Something hits you but does no damage.
Something hits you.
* * * LOW HITPOINT WARNING * * *
Blork the orc zaps a wand.
The roots erupt in riotous growth!
The grasping roots grab you! The grasping roots constrict you.
* * * LOW HITPOINT WARNING * * *
The roots grasp on you weakens, but your attempt to escape fails.
Something hits you but does no damage. The grasping roots constrict you.
* * * LOW HITPOINT WARNING * * *
A necrophage comes into view.
You escape the roots grasp.
Something hits you but does no damage.
Blork the orc zaps a wand.
The roots erupt in riotous growth!
The grasping roots grab you! The grasping roots constrict you.
* * * LOW HITPOINT WARNING * * *
You escape the roots grasp.
Something hits you but does no damage.
Blork the orc miscasts a cantrip.
Something hits you.
You die...

#.## #n## #...##.# #.. ...#
####..#.## #.> #..#### #.
#........# #.. .....###.
#.......o# #.# #.....##.
#........## #.# #.>......
#.....[...### #.####....####
#.......[.{.####.............
######..###{@................
##..##☼.>.####.##.......
##............##.......
#...#................)
.........########....)..
.......### #....... .######
####.... #####


There were no monsters in sight!

Vanquished Creatures
  Prince Ribbit (D:5)
  A black bear (D:6)
  An orc warrior (D:6)
  An ice beast (D:4)
  An ogre (D:4)
  A phantom (D:6)
  A centaur (D:6)
  2 bullfrogs (D:6)
  A scorpion (D:6)
  A necrophage (D:5)
  3 wights (D:6)
  A howler monkey (D:6)
  3 orc priests
  2 jellies
  2 iguanas
  3 gnolls (D:4)
  4 adders
  A white imp (D:5)
  2 ufetubi
  A worm (D:2)
  13 orcs
  7 ball pythons
  6 bats
  8 endoplasms
  2 giant cockroaches
  4 goblins
  6 hobgoblins
  3 jackals (D:2)
  7 quokkas
  2 frilled lizards
  3 kobolds
  2 rats (D:2)
96 creatures vanquished.

Notes
Turn   | Place    | Note
-------+----------+-------------------------------------------
     0 | D:1      | Barriton the Draconian Air Elementalist began the quest for
                  | the Orb.
     0 | D:1      | Reached XP level 1. HP: 14/14 MP: 3/3
   431 | D:1      | Reached XP level 2. HP: 20/20 MP: 0/5
  1320 | D:2      | Learned a level 2 spell: Static Discharge
  1821 | D:2      | Reached XP level 3. HP: 26/26 MP: 1/6
  2522 | D:3      | Reached skill level 4 in Air Magic
  2683 | D:3      | Found a faded altar of an unknown god.
  2925 | D:3      | Found a large runed translucent door.
  2925 | D:3      | Found a large runed translucent door.
  3009 | D:3      | Identified the +6 mace "Jomelese" {vamp, Fly Int+5}
  3369 | D:3      | Found an ancient bone altar of Kikubaaqudgha.
  3422 | D:3      | Found a glowing golden altar of the Shining One.
  3494 | D:4      | Found a staircase to the Ecumenical Temple.
  3504 | D:4      | Noticed an ice beast
  3525 | D:4      | Killed an ice beast
  3526 | D:4      | Reached XP level 4. HP: 19/33 MP: 0/8
  3526 | D:4      | Reached XP level 5. HP: 22/38 MP: 0/9
  3531 | Temple   | Entered the Ecumenical Temple
  3668 | Temple   | Became a worshipper of Qazlal Stormbringer
  4018 | D:4      | Reached skill level 5 in Air Magic
  4149 | D:4      | Noticed an ogre
  4155 | D:4      | Killed an ogre
  4156 | D:4      | Reached skill level 1 in Maces & Flails
  4156 | D:4      | Reached XP level 6. HP: 35/46 MP: 0/10
  4910 | D:5      | Entered Level 5 of the Dungeon
  4923 | D:5      | Noticed Prince Ribbit
  4942 | D:5      | Killed Prince Ribbit
  4943 | D:5      | Reached skill level 6 in Air Magic
  4943 | D:5      | Your scales start taking on a golden yellow colour.
  4943 | D:5      | Reached XP level 7. HP: 43/51 MP: 8/12
  4943 | D:5      | Gained mutation: You are resistant to acid. (rCorr) [Yellow
                  | Draconian growth]
  5340 | D:5      | Identified the +4 rapier "Fuegras" {speed, rElec Str+2
                  | Stlth-}
  5927 | D:6      | Reached * piety under Qazlal
  5938 | D:6      | Reached skill level 1 in Invocations
  6038 | D:6      | Reached skill level 7 in Air Magic
  6038 | D:6      | Reached XP level 8. HP: 35/58 MP: 11/14
  6049 | D:6      | Reached skill level 1 in Shields
  6053 | D:6      | Reached skill level 5 in Spellcasting
  6055 | D:6      | Noticed Blork the orc
  6064 | D:6      | HP: 2/58 [constriction (5)]
  6066 | D:6      | Slain by an unseen horror

Illustrated notes

Levels and vault maps discovered:
D:1:      dpeg_arrival_brainrot, layout_basic
D:2:      mumra_celtic_spiral_tile, layout_basic
D:3:      layout_loops_cross, jmf_multi_god_temple2,
          shapermc_ecumenical_altar_mp_ritualfount
D:4:      layout_gridville, temple_pool_b
D:5:      layout_gridville, uniq_prince_ribbit1
D:6:      layout_rooms, uniq_blork_the_orc
Temple:   mainiacjoe_temple_big_plus

Skill      XL: |  1  2  3  4  5  6  7  8 |
---------------+-------------------------+-----
Air Magic      | 4 5 6 7 |  7.4
Conjurations   | 2 3 4 |  4.3
Spellcasting   | 3 4 5 |  5.5
Maces & Flails | 1 |  1.2
Invocations    | 1 2 |  2.5
Shields        | 1 |  1.4
Fighting       | |  0.6
Dodging        | |  1.7
Stealth        | |  1.7

Action                     |  1- 3 |  4- 6 |  7- 9 || total
---------------------------+-------+-------+-------++-------
  Melee: Spear             |    19 |       |       ||    19
         Tailslap          |     3 |       |     2 ||     5
         Mace              |    15 |     6 |     4 ||    25
   Cast: Shock             |    91 |    56 |    66 ||   213
         Static Discharge  |       |     7 |     3 ||    10
    Use: Scroll            |     9 |     2 |     3 ||    14
         Potion            |     1 |       |       ||     1
   Stab: Sleeping          |     1 |     1 |       ||     2
 Armour: Skin              |    21 |     9 |    40 ||    70
  Dodge: Dodged            |    25 |    12 |    12 ||    49
  Block: Other             |       |       |     4 ||     4

Table legend: (Time is in decaauts)
 A = Elapsed time spent in this place.
 B = Non-inter-level travel time spent in this place.
 C = Inter-level travel time spent in this place.
 D = Time resting spent in this place.
 E = Time spent auto-exploring this place.
 F = Levels seen in this place.
 G = Mean time per level.
                   A        B        C        D        E       F      G
               +--------+--------+--------+--------+--------+-----+--------+
         Total |   6078 |   5821 |    257 |      0 |   5225 |   7 |  868.3 |
       Dungeon |   5910 |   5698 |    212 |      0 |   5106 |   6 |  985.0 |
        Temple |    167 |    122 |     45 |      0 |    119 |   1 |  167.0 |
               +--------+--------+--------+--------+--------+-----+--------+

Top non-repeatable levels by time:
     D:4: 1300 daAuts
     D:1: 1267 daAuts
     D:2: 1186 daAuts
     D:3: 999 daAuts
     D:5: 992 daAuts
  Temple: 167 daAuts
     D:6: 164 daAuts
